 Dungeon Crawl Stone Soup version 0.27.1 (webtiles) character file.

Game seed: 1593717085050578609

159 hawla the Grave Robber (level 5, -4/30 HPs)
             Began as a Deep Elf Necromancer on Aug 22, 2021.
             Slain by a phantom (7 damage)
             ... in the Ecumenical Temple.
             The game lasted 00:11:43 (4291 turns).

hawla the Grave Robber (Deep Elf Necromancer)       Turns: 4291, Time: 00:11:44

Health: -4/30      AC:  3    Str:  5    XL:     5   Next: 17%
Magic:  13/13      EV: 13    Int: 24    God:
Gold:   23         SH:  0    Dex: 21    Spells: 4/12 levels left

rFire    . . .     SeeInvis .   j - +1 short sword
rCold    . . .     Faith    .   (no shield)
rNeg     . . .     Spirit   .   a - +0 robe
rPois    +         Reflect  .   (no helmet)
rElec    .         Harm     .   m - scarf {repulsion}
rCorr    .         Rampage  .   g - +0 pair of gloves
Will     .....                  (no boots)
Stlth    +++.......             (no amulet)
HPRegen  0.10/turn              e - ring of poison resistance
MPRegen  0.13/turn              b - ring "Seal" {Int+3 Dex+6}

@: repel missiles
A: no striking features
a: no special abilities


You were in the Ecumenical Temple.
You visited 2 branches of the dungeon, and saw 5 of its levels.

You collected 143 gold pieces.
You spent 120 gold pieces at shops.

Inventory:

Hand Weapons
 j - a +1 short sword (weapon)
Armour
 a - a +0 robe (worn)
 g - a +0 pair of gloves (worn)
 h - a scarf of invisibility
 m - a scarf of repulsion (worn)
Jewellery
 b - the ring "Seal" (right hand) {Int+3 Dex+6}
   (You acquired it on level 2 of the Dungeon)

   [ring of dexterity]

   Int:       It affects your intelligence (+3).
   Dex:       It affects your dexterity (+6).
 e - a ring of poison resistance (left hand)
Scrolls
 i - a scroll of fear
Potions
 d - a potion of might
 f - 2 potions of haste {unknown}
 k - a potion of attraction {unknown}
 l - a potion of berserk rage


   Skills:
 - Level 2.0 Fighting
 - Level 3.0 Dodging
 - Level 3.0 Stealth
 - Level 4.0 Spellcasting
 - Level 6.0 Necromancy
 + Level 1.2 Evocations


You had 4 spell levels left.
You knew the following spells:

 Your Spells              Type           Power      Damage    Failure   Level
a - Pain                  Necr           100%       1d9       1%          1
b - Vampiric Draining     Necr           16%        2d8       2%          3
c - Animate Dead          Necr           16%        N/A       9%          4

Your spell library contained the following spells:

 Spells                   Type           Power      Damage    Failure   Level
 Animate Skeleton         Necr           66%        N/A       1%          1
 Agony                    Necr           33%        N/A       22%         5


Dungeon Overview and Level Annotations

Branches:
Dungeon (4/15)             Temple (1/1) D:4

Altars:
Ashenzari
Elyvilon
Fedhas
Hepliaklqana
Kikubaaqudgha
Makhleb
Okawaru
Qazlal
Sif Muna
Trog
Wu Jian
Yredelemnul
Zin

Shops:
D:1 [   D:3 (


Message History

Training target 1.0 for Evocations reached!
Your Evocations skill increases to level 1!
You need to enable at least one skill for training.
You have reached level 5!
Casting: Pain (safe; 1% risk of failure)
Confirm with . or Enter, or press ? or * to list all spells.
The spell is quite dangerous to cast (9% risk of failure)!
Continue anyway?
You call on the dead to rise...
The dead are walking!
Okay, then.
A phantom comes into view.
A phantom is nearby!
A phantom is nearby!
A phantom is nearby!
The phantom hits your hound zombie.
The phantom blinks!
Your hound zombie blinks!
Your hound zombie completely misses the phantom.
A necrophage comes into view.
The phantom hits you but does no damage.
Your hound zombie misses the phantom.
Your hound zombie barely misses the phantom.
The phantom hits you.
The phantom blinks!
You blink.
Found a staircase to the Ecumenical Temple.
A kobold comes into view.
It is wielding a +0 short sword of venom.
Found a scroll labelled YHOKYE FIEPA.
Found 13 gold pieces.
There is a staircase to the Ecumenical Temple here.
The phantom hits you!
You climb downwards.
Welcome to the Ecumenical Temple!
Found twelve altars.
There is a staircase back to the Dungeon here.
You miss the phantom. The phantom hits you!
You aren't carrying any items that you can evoke.
As you read the scroll labelled BAVVEOSOWK, it crumbles to dust.
It is a scroll of enchant weapon.
Your +0 short sword glows red for a moment.
The phantom hits you!
* * * LOW HITPOINT WARNING * * *
It was a potion of magic.
Magic courses through your body. The phantom hits you!
You die...

..._....._...
....._.....
.........
.._._.. .....
#._.#
######...######
.......@.......
_...._W.._...._
.......#.......
.._...# #..._..
....## ##....
...# #... .##
##.


You could see a phantom.

Vanquished Creatures
  A hound (D:4)
  4 gnolls (D:3)
  4 adders
  2 worms
  A dart slug (D:1)
  An orc (D:3)
  5 ball pythons
  5 bats
  5 endoplasms
  4 giant cockroaches
  3 goblins
  2 hobgoblins (D:2)
  6 kobolds
  5 frilled lizards
  2 rats
50 creatures vanquished.

Vanquished Creatures (others)
  A plant (D:4)
1 creature vanquished.

Grand Total: 51 creatures vanquished

Notes
Turn   | Place    | Note
-------+----------+-------------------------------------------
     0 | D:1      | hawla the Deep Elf Necromancer began the quest for the Orb.
     0 | D:1      | Reached XP level 1. HP: 10/10 MP: 6/6
    29 | D:1      | Found Ekeacy's Armour Emporium.
   246 | D:1      | Reached skill level 1 in Fighting
   254 | D:1      | Reached skill level 5 in Necromancy
   496 | D:1      | Reached XP level 2. HP: 14/16 MP: 5/8
   933 | D:2      | Identified a scroll of acquirement
   933 | D:2      | Acquired the ring "Seal" {Int+3 Dex+6}
  1199 | D:2      | Found a faded altar of an unknown god.
  1204 | D:2      | Reached XP level 3. HP: 14/21 MP: 4/9
  1991 | D:2      | Learned a level 3 spell: Vampiric Draining
  2257 | D:3      | Found an ornate altar of the Wu Jian Council.
  2293 | D:3      | Reached XP level 4. HP: 11/26 MP: 0/11
  2298 | D:3      | Learned a level 4 spell: Animate Dead
  3650 | D:3      | Found Qeerubb's Weapon Boutique.
  4085 | D:1      | Bought a scarf of repulsion for 120 gold pieces
  4273 | D:4      | Reached skill level 6 in Necromancy
  4273 | D:4      | Reached skill level 1 in Evocations
  4273 | D:4      | Reached XP level 5. HP: 28/30 MP: 10/13
  4279 | D:4      | Noticed a phantom
  4280 | D:4      | Noticed a necrophage
  4282 | D:4      | Found a staircase to the Ecumenical Temple.
  4288 | Temple   | Entered the Ecumenical Temple
  4291 | Temple   | Slain by a phantom

Illustrated notes

Levels and vault maps discovered:
D:1:      lemuel_arrival_cross, layout_loops_ring, serial_shops, shop
D:2:      layout_loops_ring, shapermc_ecumenical_altar_starsandcircs
D:3:      layout_basic, nicolae_wu_jian_wuxing_cycle, serial_shops,
          nicolae_shop_waterfront
D:4:      layout_loops_cross, minmay_temple_entry_slanted, serial_forest,
          infiniplex_forest_clump_small, infiniplex_forest_end_1,
          infiniplex_forest_clump_small, infiniplex_forest_lined_3_way,
          infiniplex_forest_lined_ring, infiniplex_forest_lined_3,
          infiniplex_forest_straight_1, uniq_crazy_yiuf_cottage
Temple:   dpeg_three_leaves_temple

Skill      XL: |  1  2  3  4 |
---------------+-------------+-----
Fighting       | 1 2 |  2.0
Necromancy     | 5 6 |  6.0
Dodging        | 3 |  3.0
Stealth        | 3 |  3.0
Spellcasting   | 4 |  4.0
Evocations     | 1 |  1.2

Action                   |  1- 3 |  4- 6 || total
-------------------------+-------+-------++-------
Melee: Short sword       |       |     1 ||     1
 Cast: Pain              |    60 |    36 ||    96
       Vampiric Draining |     1 |     3 ||     4
       Animate Dead      |       |     3 ||     3
  Use: Scroll            |     5 |     2 ||     7
       Potion            |       |     1 ||     1
Armor: Robe              |     3 |     1 ||     4
Dodge: Dodged            |    10 |     8 ||    18
